[Event "Titled Tuesday Blitz April 19 Early 2022"]
[White "Fromm, Marius"]
[Black "Zakhartsov, Vladimir"]
[WhiteFideId "12993190"]
[BlackFideId "4145097"]
[WhiteElo "2462"]
[BlackElo "2491"]
[Result "1-0"]
[Round "01"]
[TimeControl "180+1"]
[Date "2022.04.19"]
[WhiteClock "0:00:03"]
[BlackClock "0:01:02"]

1. e4 c5 2. Nf3 d6 3. d4 cxd4 4. Nxd4 Nf6 5. Nc3 a6 6. g3 b5 7. Bg2 Bb7 8. O-O e6 9. Re1 Qc7 10. a4 b4 11. Nd5 Nxd5 12. exd5 e5 13. f4 Be7 14. Nf5 O-O 15. fxe5 Bc8 16. exd6 Bxd6 17. Nxd6 Qxd6 18. Bf4 Qb6+ 19. Kh1 Bb7 20. Re7 a5 21. Qg1 Qa6 22. Rae1 h6 23. Qd4 Bc8 24. Re8 Nd7 25. d6 Bb7 26. Rxa8 Qxa8 27. Bxb7 Qxb7+ 28. Qe4 Qc8 29. Qe7 Nf6 30. Be5 Re8 31. Bxf6 Rxe7 32. dxe7 Qe8 33. Bd4 f6 34. Kg1 Kf7 35. Bc5 h5 36. h4 g5 37. hxg5 fxg5 38. Rf1+ Kg7 39. Rf8 Qc6 40. Bd4+ Kh7 41. e8=Q Qd5 42. Rh8# 1-0


[Site "https://www.chess.com"]

[Event "Titled Tuesday Blitz April 19 Early 2022"]
[White "Gabdrakhmanov, Azat"]
[Black "Lagunov, Evgenij"]
[WhiteFideId "34189197"]
[BlackFideId "4125363"]
[WhiteElo "2279"]
[BlackElo "2200"]
[Result "1-0"]
[Round "01"]
[TimeControl "180+1"]
[Date "2022.04.19"]
[WhiteClock "0:00:43"]
[BlackClock "0:00:21"]

1. e4 c5 2. Nf3 e6 3. d4 cxd4 4. Nxd4 Nf6 5. Nc3 Nc6 6. Ndb5 d6 7. Bf4 e5 8. Bg5 a6 9. Na3 b5 10. Bxf6 gxf6 11. Nd5 f5 12. exf5 Bxf5 13. c3 Bg7 14. Nc2 O-O 15. Nce3 Be6 16. g4 Qh4 17. Qf3 Rac8 18. Bd3 e4 19. Bxe4 Ne5 20. Qg3 Qd8 21. O-O Nc4 22. Qh3 h6 23. Nf4 Nd2 24. Bd3 Nxf1 25. Rxf1 Qg5 26. Nh5 b4 27. f4 Qc5 28. Nxg7 Kxg7 29. f5 bxc3 30. bxc3 Qxc3 31. f6+ Kg8 32. Qxh6 Qxd3 33. Qg7# 1-0


[Site "https://www.chess.com"]

[Event "Titled Tuesday Blitz April 19 Early 2022"]
[White "Garagulya, Konstantin"]
[Black "Svane, Rasmus"]
[WhiteFideId "4128931"]
[BlackFideId "4657101"]
[WhiteElo "2329"]
[BlackElo "2645"]
[Result "0-1"]
[Round "01"]
[TimeControl "180+1"]
[Date "2022.04.19"]
[WhiteClock "0:00:02"]
[BlackClock "0:00:08"]

1. d4 d5 2. Nf3 e6 3. c4 a6 4. cxd5 exd5 5. Nc3 Nf6 6. Bg5 Be6 7. e3 Nbd7 8. Bd3 Bd6 9. O-O c6 10. a3 Qc7 11. b4 O-O 12. Bh4 Bg4 13. Bg3 Bxg3 14. hxg3 Bh5 15. Qc2 Bg6 16. Na4 Rfe8 17. Nc5 Nb6 18. a4 Nc4 19. Rfc1 Qe7 20. Re1 b6 21. Bxg6 bxc5 22. Bd3 cxb4 23. Bxc4 dxc4 24. Qxc4 Rec8 25. a5 c5 26. Rec1 Ne4 27. Ne5 Nc3 28. Rc2 cxd4 29. Qxd4 Nb5 30. Rxc8+ Rxc8 31. Qb2 Qf6 32. f4 Qd6 33. Rb1 Nc3 34. Qxb4 Qd2 35. Qb7 Rf8 36. Rf1 Ne2+ 37. Kh2 Qd6 38. Nf3 Qe6 39. Nh4 Qxe3 40. Rf3 Qg1+ 41. Kh3 h5 42. Rf1 Qxf1 0-1


[Site "https://www.chess.com"]

[Event "Titled Tuesday Blitz April 19 Early 2022"]
[White "Gorshtein, Ido"]
[Black "Koc, Przemyslaw"]
[WhiteFideId "2815532"]
[BlackFideId "1109081"]
[WhiteElo "2415"]
[BlackElo "2141"]
[Result "1-0"]
[Round "01"]
[TimeControl "180+1"]
[Date "2022.04.19"]
[WhiteClock "0:01:38"]
[BlackClock "0:01:21"]

1. Nf3 d6 2. d4 f5 3. g3 Nf6 4. Bg2 g6 5. O-O Bg7 6. Nbd2 O-O 7. Re1 d5 8. c3 c6 9. Ne5 Nbd7 10. Ndf3 Nxe5 11. Nxe5 Nd7 12. Nd3 e5 13. dxe5 Nxe5 14. Nxe5 Bxe5 15. Be3 Re8 16. Bd4 Qf6 17. e3 Be6 18. a4 a5 19. b4 axb4 20. cxb4 Bxd4 21. Qxd4 Qxd4 22. exd4 f4 23. b5 fxg3 24. hxg3 Bd7 25. Rxe8+ Bxe8 26. a5 Kf8 27. a6 cxb5 28. axb7 Rb8 29. Bxd5 1-0


[Site "https://www.chess.com"]

[Event "Titled Tuesday Blitz April 19 Early 2022"]
[White "Goryachkina, Aleksandra"]
[Black "Pourkashiyan, Atousa"]
[WhiteFideId "4147103"]
[BlackFideId "12502014"]
[WhiteElo "2426"]
[BlackElo "2247"]
[Result "1-0"]
[Round "01"]
[TimeControl "180+1"]
[Date "2022.04.19"]
[WhiteClock "0:00:07"]
[BlackClock "0:00:08"]

1. e4 e5 2. Nf3 Nf6 3. Nxe5 d6 4. Nf3 Nxe4 5. Nc3 Nxc3 6. dxc3 Be7 7. Be3 Nc6 8. Qd2 Be6 9. O-O-O Qd7 10. Kb1 a6 11. h3 O-O-O 12. Nd4 Bf6 13. Nxe6 fxe6 14. f4 e5 15. Be2 Kb8 16. fxe5 Bxe5 17. Bg4 Qe8 18. Rhe1 h6 19. Bf3 Qd7 20. Qd5 Rhf8 21. c4 Qf7 22. Qd3 Na7 23. Qb3 c6 24. Bf2 Nc8 25. Bg1 Qf6 26. Bxc6 Qe7 27. Bf3 Qc7 28. Bg4 g6 29. Rd3 h5 30. Bf3 Rde8 31. Red1 Rf4 32. c5 Rff8 33. cxd6 Bxd6 34. Qa4 Rd8 35. a3 Nb6 36. Bxb6 Qxb6 37. Rb3 Qc7 38. Rxb7+ Qxb7 39. Bxb7 Kxb7 40. Qb3+ Kc7 41. Rd3 Rf6 42. Qc4+ Kd7 43. Qxa6 Ke7 44. Qb7+ Rd7 45. Re3+ Re6 46. Rxe6+ Kxe6 47. Qe4+ Kf6 48. Qf3+ Ke6 49. a4 Be5 50. a5 Ra7 51. Qc6+ Kf5 52. a6 Rc7 53. Qxc7 Bxc7 54. a7 1-0


[Site "https://www.chess.com"]

[Event "Titled Tuesday Blitz April 19 Early 2022"]
[White "Gracia Alvarez, Gerardo Antonio"]
[Black "Meshkovs, Nikita"]
[WhiteFideId "5109124"]
[BlackFideId "11602740"]
[WhiteElo "2139"]
[BlackElo "2506"]
[Result "1-0"]
[Round "01"]
[TimeControl "180+1"]
[Date "2022.04.19"]
[WhiteClock "0:00:30"]
[BlackClock "0:00:01"]

1. d4 Nf6 2. c4 e6 3. Nf3 d5 4. g3 Bb4+ 5. Bd2 Be7 6. Bg2 O-O 7. O-O c6 8. Qc2 Nbd7 9. Bf4 Nh5 10. Bc1 f5 11. b3 Bd6 12. Bb2 Qe7 13. Nc3 b6 14. e3 Ba6 15. Ne2 Rac8 16. Rac1 Nhf6 17. Rfd1 Ne4 18. Nf4 g5 19. Nd3 g4 20. Nfe5 Ndf6 21. Nf4 Ng5 22. h4 gxh3 23. Nxh3 Nxh3+ 24. Bxh3 Bxe5 25. dxe5 Ne4 26. Kh2 Qg5 27. Rg1 Qh5 28. f4 Kf7 29. Qd1 Qxd1 30. Rgxd1 Rfd8 31. Bg2 Nf2 32. Rd2 Ng4+ 33. Kg1 dxc4 34. Rxd8 Rxd8 35. Bxc6 Rd2 36. Bd4 Rxa2 37. bxc4 Kg6 38. Be8+ Kg7 39. Bc6 1-0


[Site "https://www.chess.com"]

[Event "Titled Tuesday Blitz April 19 Early 2022"]
[White "GrafLermontov"]
[Black "Babazada, Khazar"]
[BlackFideId "13413554"]
[WhiteElo "2480"]
[BlackElo "2406"]
[Result "0-1"]
[Round "01"]
[TimeControl "180+1"]
[Date "2022.04.19"]
[WhiteClock "0:00:06"]
[BlackClock "0:00:21"]

1. d4 Nf6 2. c4 g6 3. Nc3 Bg7 4. e4 d6 5. Be2 O-O 6. Be3 e5 7. d5 Na6 8. g4 Nc5 9. Bf3 a5 10. h4 c6 11. g5 Nfd7 12. dxc6 bxc6 13. Qxd6 Qb6 14. Nge2 Ba6 15. O-O Qb4 16. b3 Rfd8 17. Qxc6 Rac8 18. Qd6 Bf8 19. Qd2 Nb6 20. Nd5 Nxd5 21. exd5 Qb6 22. Nc3 Qc7 23. Rad1 Ne6 24. Ne4 Bg7 25. Qb2 Nd4 26. Bxd4 exd4 27. Rxd4 a4 28. Nf6+ Kh8 29. Qe2 Qb6 30. Re4 axb3 31. axb3 Qxb3 32. Bg4 Bxc4 33. Qe3 Qxe3 34. Rxe3 Rb8 35. Rd1 Rb6 36. d6 Bb5 37. d7 Bxf6 38. gxf6 Rxf6 39. Re5 Bc6 40. f3 Kg7 41. Kf2 h5 0-1


[Site "https://www.chess.com"]

[Event "Titled Tuesday Blitz April 19 Early 2022"]
[White "Grischuk, Alexander"]
[Black "Ljukin, Sergei"]
[WhiteFideId "4126025"]
[BlackFideId "14102200"]
[WhiteElo "2762"]
[BlackElo "2312"]
[Result "1-0"]
[Round "01"]
[TimeControl "180+1"]
[Date "2022.04.19"]
[WhiteClock "0:01:18"]
[BlackClock "0:00:32"]

1. d4 d5 2. Nf3 Nf6 3. Bf4 c5 4. e3 Nc6 5. Nbd2 Bf5 6. Bb5 e6 7. O-O Be7 8. dxc5 Bxc5 9. Nd4 Bxd4 10. exd4 O-O 11. Nb3 Rc8 12. c3 a6 13. Be2 Ne4 14. f3 Nd6 15. Nc5 Rc7 16. Rf2 Re7 17. Bf1 f6 18. Qb3 Rff7 19. Re1 Na5 20. Qd1 h5 21. Rfe2 Qd7 22. Nxd7 1-0


[Site "https://www.chess.com"]

[Event "Titled Tuesday Blitz April 19 Early 2022"]
[White "Gu, Xiaobing"]
[Black "Seemann, Jakub"]
[WhiteFideId "8602611"]
[BlackFideId "21874697"]
[WhiteElo "2174"]
[BlackElo "2003"]
[Result "0-1"]
[Round "01"]
[TimeControl "180+1"]
[Date "2022.04.19"]
[WhiteClock "0:00:10"]
[BlackClock "0:00:04"]

1. e4 e6 2. d4 d5 3. exd5 exd5 4. Nf3 Nf6 5. Bd3 c5 6. dxc5 Bxc5 7. O-O O-O 8. Bg5 h6 9. Bh4 Nc6 10. Nc3 Be6 11. Re1 a6 12. Ne2 Qb6 13. c3 g5 14. Bg3 Ne4 15. Ned4 Nxd4 16. Nxd4 Qxb2 17. Qh5 Bxd4 18. cxd4 Kg7 19. Rad1 Nxg3 20. hxg3 Rae8 21. Re5 f5 22. Rde1 Bf7 23. Qf3 Rxe5 24. Rxe5 Bg8 25. Rxf5 Re8 26. Kh2 Qxd4 27. Bc2 Rc8 28. Bb3 Rc1 29. Bxd5 Qa1 30. Rf7+ Kh8 31. Rh7+ Kxh7 32. Qf5+ Kg7 33. Qd7+ Kf6 34. Qd6+ Kg7 35. Qd7+ Kh8 36. Kh3 Rh1+ 37. Kg4 Qd1+ 38. f3 Qxd5 39. Qxd5 Bxd5 0-1


[Site "https://www.chess.com"]

[Event "Titled Tuesday Blitz April 19 Early 2022"]
[White "Hasangatin, Ramil"]
[Black "Gatterer, Florian"]
[WhiteFideId "4122160"]
[BlackFideId "811688"]
[WhiteElo "2375"]
[BlackElo "2218"]
[Result "1-0"]
[Round "01"]
[TimeControl "180+1"]
[Date "2022.04.19"]
[WhiteClock "0:02:22"]
[BlackClock "0:00:49"]

1. e4 e5 2. Nf3 Nc6 3. Bb5 a6 4. Ba4 Nf6 5. Bxc6 dxc6 6. d3 Bd6 7. Bg5 Be6 8. Nbd2 h6 9. Bh4 g5 10. Bg3 Nd7 11. Qe2 Qe7 12. h4 g4 13. Nh2 h5 14. Nhf1 O-O-O 15. Ne3 Rhg8 16. Ndc4 Bb4+ 17. c3 Bd6 18. d4 f6 19. d5 Nc5 20. dxe6 Nxe6 21. Nf5 Qh7 22. Ncxd6+ cxd6 23. O-O-O d5 24. Qc2 Nf4 25. Bxf4 exf4 26. exd5 cxd5 27. Nd6+ 1-0


[Site "https://www.chess.com"]

[Event "Titled Tuesday Blitz April 19 Early 2022"]
[White "Hernandez Bermudez, Ulises Eduardo"]
[Black "Sztokbant, Bernardo Vainzoff"]
[WhiteFideId "3902510"]
[BlackFideId "2115956"]
[WhiteElo "2056"]
[BlackElo "2225"]
[Result "0-1"]
[Round "01"]
[TimeControl "180+1"]
[Date "2022.04.19"]
[WhiteClock "0:01:46"]
[BlackClock "0:00:50"]

1. e4 c6 2. d4 d5 3. exd5 cxd5 4. Bd3 Nc6 5. c3 g6 6. Bf4 Bg7 7. Nf3 Nh6 8. O-O O-O 9. Re1 f6 10. Nbd2 Nf7 11. h3 e5 12. dxe5 fxe5 13. Bg5 Nxg5 14. Nxg5 Qxg5 15. Nf3 Qf4 16. Be2 Qf7 17. Ng5 Qxf2+ 18. Kh1 Ne7 19. Rf1 Qe3 20. Rxf8+ Bxf8 21. h4 Qf4 22. Qf1 Qxh4+ 23. Nh3 Nf5 24. Bf3 Ng3+ 0-1


[Site "https://www.chess.com"]

[Event "Titled Tuesday Blitz April 19 Early 2022"]
[White "Hnydiuk, Aleksander"]
[Black "Cramling Bellon, Anna"]
[WhiteFideId "1109057"]
[BlackFideId "32009232"]
[WhiteElo "2374"]
[BlackElo "1905"]
[Result "1-0"]
[Round "01"]
[TimeControl "180+1"]
[Date "2022.04.19"]
[WhiteClock "0:00:57"]
[BlackClock "0:00:37"]

1. Nf3 c5 2. c4 Nc6 3. d4 cxd4 4. Nxd4 Nf6 5. Nc3 d6 6. g3 g6 7. Bg2 Bg7 8. Nxc6 bxc6 9. Bxc6+ Bd7 10. Bxa8 Qxa8 11. Nd5 O-O 12. O-O Bh3 13. Re1 e6 14. Nf4 Bg4 15. f3 Bf5 16. e4 Nxe4 17. fxe4 Bxe4 18. Qe2 Bd4+ 19. Be3 Bf3 20. Qf2 g5 21. Bxd4 gxf4 22. Rf1 Bh1 23. h3 e5 24. Kh2 Bc6 25. Bc3 Kh8 26. gxf4 f6 27. fxe5 dxe5 28. Bxe5 1-0


[Site "https://www.chess.com"]

[Event "Titled Tuesday Blitz April 19 Early 2022"]
[White "Hoffmann, Asa"]
[Black "Chen, Qi b"]
[WhiteFideId "2001470"]
[BlackFideId "8614733"]
[WhiteElo "2117"]
[BlackElo "2432"]
[Result "0-1"]
[Round "01"]
[TimeControl "180+1"]
[Date "2022.04.19"]
[WhiteClock "0:00:09"]
[BlackClock "0:00:05"]

1. d4 Nf6 2. Bg5 d5 3. Nd2 c5 4. e3 Nc6 5. c3 Bf5 6. Ngf3 e6 7. Bb5 Qb6 8. a4 a6 9. Bxc6+ bxc6 10. b3 a5 11. O-O Be7 12. Ne5 h6 13. Bh4 cxd4 14. exd4 c5 15. Ndf3 Bh7 16. Re1 Rd8 17. Qe2 Rb8 18. Rad1 g5 19. Bg3 Ne4 20. Qe3 f5 21. Qc1 Rf8 22. h4 f4 23. Bh2 Rc8 24. Nd2 cxd4 25. Nxe4 Bxe4 26. Rxd4 f3 27. Rdxe4 dxe4 28. gxf3 Qxb3 29. Rxe4 Qxc3 30. Qxc3 Rxc3 31. hxg5 hxg5 32. Bg3 Rf5 33. Kg2 Bb4 34. Ng4 Kd7 35. Ne3 Rfc5 36. f4 gxf4 37. Rxf4 Rd3 38. Rf7+ Ke8 39. Rb7 Rg5 40. Kf3 Bc5 41. Bh4 Bxe3 42. fxe3 Re5 43. Bf2 Ra3 44. Kf4 Rf5+ 45. Kg3 Rxa4 46. Rb6 Kf7 47. e4 Rxe4 48. Ra6 a4 49. Bb6 Rc4 50. Ra7+ Kg6 51. Bd8 Rb5 0-1


[Site "https://www.chess.com"]

[Event "Titled Tuesday Blitz April 19 Early 2022"]
[White "Ianov, Viktor"]
[Black "Okike, David"]
[WhiteFideId "14102730"]
[BlackFideId "8500134"]
[WhiteElo "2161"]
[BlackElo "2232"]
[Result "1-0"]
[Round "01"]
[TimeControl "180+1"]
[Date "2022.04.19"]
[WhiteClock "0:01:27"]
[BlackClock "0:01:35"]

1. Nf3 d5 2. g3 Bg4 3. Bg2 Nd7 4. c4 c6 5. cxd5 cxd5 6. Qa4 Nf6 7. Ne5 Bf5 8. Nc3 e6 9. g4 Bg6 10. h4 h6 11. Nxg6 fxg6 12. g5 hxg5 13. hxg5 Rxh1+ 14. Bxh1 Ng8 15. d4 Ne7 16. e4 dxe4 17. Bxe4 Qb6 18. Bd2 Rd8 19. O-O-O Kf7 20. f4 Nb8 21. Be3 Nd5 22. Nxd5 exd5 23. Bc2 Nc6 24. Kb1 Bd6 25. f5 gxf5 26. Bxf5 Ne7 27. Qc2 g6 28. Bxg6+ Kg7 29. Bd3 Rc8 30. Qg2 Rf8 31. Qh3 Rh8 32. Qe6 Bb4 33. Qe5+ Kg8 34. Bf5 Qd6 35. Be6+ 1-0


[Site "https://www.chess.com"]

[Event "Titled Tuesday Blitz April 19 Early 2022"]
[White "Ibarra Jerez, Jose Carlos"]
[Black "Karavade, Eesha"]
[WhiteFideId "2226332"]
[BlackFideId "5012600"]
[WhiteElo "2626"]
[BlackElo "2258"]
[Result "1-0"]
[Round "01"]
[TimeControl "180+1"]
[Date "2022.04.19"]
[WhiteClock "0:00:33"]
[BlackClock "0:01:13"]

1. e4 c5 2. Nc3 d6 3. d4 cxd4 4. Qxd4 Nc6 5. Qd2 g6 6. b3 Bh6 7. f4 Nf6 8. Bb2 O-O 9. O-O-O e5 10. g3 Re8 11. Nge2 Bg4 12. Bg2 Nd4 13. Nxd4 Bxd1 14. Rxd1 exd4 15. Qxd4 Bg7 16. Nd5 Nh5 17. Qb4 Bxb2+ 18. Kxb2 a5 19. Qd4 a4 20. g4 axb3 21. gxh5 Rxa2+ 22. Kxb3 Qa5 23. Nf6+ Kf8 24. Qxd6+ Re7 25. Qd8+ Kg7 26. h6+ Kxh6 27. Qxa5 Rxa5 28. Ng8+ 1-0


[Site "https://www.chess.com"]

[Event "Titled Tuesday Blitz April 19 Early 2022"]
[White "Indjic, Aleksandar"]
[Black "Al-Tarboush, Ward"]
[WhiteFideId "911925"]
[BlackFideId "7601450"]
[WhiteElo "2616"]
[BlackElo "2276"]
[Result "1-0"]
[Round "01"]
[TimeControl "180+1"]
[Date "2022.04.19"]
[WhiteClock "0:00:16"]
[BlackClock "0:00:03"]

1. d4 d5 2. c4 c6 3. cxd5 cxd5 4. Bg5 h6 5. Bh4 Bg4 6. Nc3 Nc6 7. Qb3 Qd7 8. e3 e6 9. Bd3 Bd6 10. f3 Bh5 11. Nge2 Nge7 12. Bf2 O-O 13. a3 Rac8 14. O-O Na5 15. Qa2 Nc4 16. Rac1 e5 17. Bxc4 dxc4 18. Rcd1 Qe6 19. e4 Rfd8 20. d5 Qf6 21. a4 a6 22. a5 Ng6 23. Ng3 Nf4 24. Nxh5 Nxh5 25. g3 Qg6 26. Kh1 Rf8 27. Be3 Nf6 28. Rc1 h5 29. Nd1 Nxe4 30. fxe4 Qxe4+ 31. Kg1 h4 32. Qb1 Qxd5 33. Nc3 Qxa5 34. Qf5 Bc5 35. Bxc5 Qxc5+ 36. Kg2 Qc6+ 37. Kh3 Qh6 38. g4 Qe3+ 39. Qf3 Qg5 40. Ne4 Qe7 41. g5 Rfd8 42. Rcd1 Qe6+ 43. Kxh4 Rd4 44. Rfe1 Rcd8 45. Rxd4 Rxd4 46. Kg3 Qd5 47. Re3 b5 48. h4 b4 49. h5 Rd3 50. Rxd3 Qxd3 51. Qxd3 cxd3 52. b3 a5 53. Nd2 Kf8 54. Kg4 Ke7 55. Kf5 f6 56. g6 Kf8 57. Ke4 Ke7 58. Kxd3 f5 59. Nc4 Kf6 60. Nxa5 Kg5 61. Nc6 e4+ 62. Ke3 Kxh5 63. Ne7 Kg5 64. Ke2 f4 65. Nd5 Kf5 66. Nxb4 Ke5 67. Nc2 Kd5 68. Kd2 Kc5 69. Kc3 Kd5 70. Ne1 f3 71. Nc2 Ke5 72. Kd2 Kd5 73. Ne3+ Kd4 74. b4 Ke5 75. Ke1 Kd4 76. Kf2 Ke5 77. b5 Kd6 78. Nf5+ Kc5 79. Nxg7 Kxb5 80. Nf5 1-0


[Site "https://www.chess.com"]

[Event "Titled Tuesday Blitz April 19 Early 2022"]
[White "Ingebretsen, Jens E"]
[Black "Harish, Neeraj"]
[WhiteFideId "1522965"]
[BlackFideId "30958130"]
[WhiteElo "2072"]
[BlackElo "1574"]
[Result "1-0"]
[Round "01"]
[TimeControl "180+1"]
[Date "2022.04.19"]
[WhiteClock "0:01:29"]
[BlackClock "0:00:04"]

1. d4 d5 2. c4 c6 3. Nc3 Nf6 4. Nf3 e6 5. e3 Nbd7 6. b3 Bd6 7. Bb2 O-O 8. Qc2 dxc4 9. bxc4 e5 10. Rd1 Qe7 11. d5 c5 12. Bd3 h6 13. O-O Nb6 14. Nd2 e4 15. Ncxe4 Bxh2+ 16. Kxh2 Ng4+ 17. Kg3 h5 18. f4 Nxe3 19. Qc3 h4+ 20. Kf3 Nxd1 21. Qxg7# 1-0


[Site "https://www.chess.com"]

[Event "Titled Tuesday Blitz April 19 Early 2022"]
[White "Jakubowska, Anna"]
[Black "Rozman, Levy"]
[WhiteFideId "1121952"]
[BlackFideId "2039877"]
[WhiteElo "1924"]
[BlackElo "2376"]
[Result "0-1"]
[Round "01"]
[TimeControl "180+1"]
[Date "2022.04.19"]
[WhiteClock "0:00:12"]
[BlackClock "0:00:41"]

1. e4 d5 2. exd5 Nf6 3. d4 Bg4 4. f3 Bf5 5. Bd3 Bxd3 6. Qxd3 Qxd5 7. c4 Qd7 8. Ne2 Nc6 9. Be3 O-O-O 10. O-O h5 11. a3 g5 12. Nbc3 Ne5 13. Qc2 Nxc4 14. Bf2 Nd6 15. b4 g4 16. fxg4 hxg4 17. Bg3 Bh6 18. Nf4 Nf5 19. Nfd5 Be3+ 20. Nxe3 Nxe3 21. Qd3 Nxf1 22. Rxf1 Qxd4+ 23. Qxd4 Rxd4 24. Nb5 Rd3 25. Rc1 c6 26. Nxa7+ Kd7 27. b5 Ne4 28. bxc6+ bxc6 29. Nxc6 f6 30. Nb4 Rxa3 31. Rd1+ Ke6 32. Re1 f5 33. Nc2 Ra2 34. Nd4+ Kf6 35. Bf4 e5 0-1


[Site "https://www.chess.com"]

[Event "Titled Tuesday Blitz April 19 Early 2022"]
[White "Janaszak, Dawid"]
[Black "Zanette, Edgard Vinicius"]
[WhiteFideId "1119206"]
[BlackFideId "2109263"]
[WhiteElo "2199"]
[BlackElo "2182"]
[Result "1-0"]
[Round "01"]
[TimeControl "180+1"]
[Date "2022.04.19"]
[WhiteClock "0:00:48"]
[BlackClock "0:00:01"]

1. e4 e5 2. Nf3 Nc6 3. d4 exd4 4. Nxd4 Bc5 5. Nb3 Bb6 6. Nc3 Nf6 7. Qe2 d6 8. Bg5 h6 9. Bh4 Nd4 10. Qd3 Nxb3 11. axb3 g5 12. Bg3 Bd7 13. O-O-O Qe7 14. Kb1 O-O-O 15. f3 Bc6 16. Na4 Nh5 17. Nxb6+ axb6 18. Bf2 Nf4 19. Qc3 Rhe8 20. Bd4 Ng6 21. Bf6 Qf8 22. Bxd8 Rxd8 23. b4 Ne5 24. b3 f5 25. exf5 Qxf5 26. Kb2 g4 27. fxg4 Nxg4 28. Bd3 Qg5 29. h4 Qg8 30. Bf5+ Kb8 31. Bxg4 Qxg4 32. Rd2 Rg8 33. h5 Qg5 34. Re1 Qxh5 35. Re7 1-0


[Site "https://www.chess.com"]

[Event "Titled Tuesday Blitz April 19 Early 2022"]
[White "Jarocka, Liwia"]
[Black "Biletskiy, Danylo"]
[WhiteFideId "21807558"]
[BlackFideId "14155419"]
[WhiteElo "1896"]
[BlackElo "2087"]
[Result "0-1"]
[Round "01"]
[TimeControl "180+1"]
[Date "2022.04.19"]
[WhiteClock "0:01:34"]
[BlackClock "0:02:39"]

1. e4 c5 2. Nf3 Nc6 3. d4 cxd4 4. Nxd4 e5 5. Nb5 d6 6. N1c3 a6 7. Na3 b5 8. Nd5 Nge7 9. c4 Nxd5 10. cxd5 Nd4 11. Nc2 Bg4 12. Qd2 Nxc2+ 13. Qxc2 Be7 14. Be2 Bxe2 15. Qxe2 O-O 16. O-O f5 17. f3 Bg5 18. Bxg5 Qxg5 19. Rac1 Rac8 20. Rc2 Rxc2 21. Qxc2 Qe3+ 22. Qf2 Qd3 23. exf5 Qxd5 24. g4 Qxa2 25. Qd2 d5 26. Re1 Re8 27. Qc3 Qc4 28. Rxe5 Qxc3 29. Rxe8+ Kf7 30. bxc3 Kxe8 31. Kf2 a5 32. Ke3 0-1


[Site "https://www.chess.com"]

[Event "Titled Tuesday Blitz April 19 Early 2022"]
[White "Johnson, Ben"]
[Black "Gubajdullin, Alexei"]
[WhiteFideId "2010917"]
[BlackFideId "4141202"]
[WhiteElo "2128"]
[BlackElo "2266"]
[Result "0-1"]
[Round "01"]
[TimeControl "180+1"]
[Date "2022.04.19"]
[WhiteClock "0:00:02"]
[BlackClock "0:01:08"]

1. Nf3 g6 2. e4 Bg7 3. d4 d6 4. Bc4 e6 5. Nc3 Nf6 6. Bb3 d5 7. e5 Nfd7 8. Bg5 f6 9. exf6 Bxf6 10. Qd2 Bxg5 11. Nxg5 Qf6 12. O-O-O Nb6 13. h4 h6 14. Nf3 Nc6 15. Rhe1 Kf7 16. Ne5+ Nxe5 17. Rxe5 Qxh4 18. g3 Qf6 19. Rde1 Bd7 20. R1e3 Rae8 21. Qe2 Kg7 22. Rf3 Qd8 23. a4 Rhf8 24. a5 Nc8 25. Nd1 Rxf3 26. Qxf3 Qf6 27. Qe2 Nd6 28. f3 Nf5 29. c3 Nxg3 30. Qg2 Nf5 31. Bc2 Qg5+ 32. Qxg5 hxg5 33. Kd2 Kf6 34. Nf2 Rh8 35. Ng4+ Ke7 36. Re2 Rh3 37. Ne5 Be8 38. Bd3 Nh4 39. Rf2 Kf6 40. b4 a6 41. c4 dxc4 42. Bxc4 Nf5 43. Kc3 Rh4 44. Ng4+ Ke7 45. Bd3 Ne3 46. Nxe3 Bc6 47. Ng4 Bxf3 48. Rxf3 Rxg4 49. Bxg6 Kd6 50. Kc4 Rg1 51. Be4 b5+ 52. Kd3 Rb1 53. Rg3 Rb3+ 54. Kd2 Rxg3 55. Bb7 Rb3 56. Bxa6 Rxb4 57. Bb7 Ra4 58. a6 c5 59. dxc5+ Kxc5 0-1


[Site "https://www.chess.com"]

[Event "Titled Tuesday Blitz April 19 Early 2022"]
[White "Kaasen, Tor Fredrik"]
[Black "Aakanksha Hagawane"]
[WhiteFideId "1516647"]
[BlackFideId "25014510"]
[WhiteElo "2335"]
[BlackElo "1971"]
[Result "1-0"]
[Round "01"]
[TimeControl "180+1"]
[Date "2022.04.19"]
[WhiteClock "0:00:27"]
[BlackClock "0:00:54"]

1. e4 c5 2. Nf3 d6 3. Bb5+ Nc6 4. O-O Bd7 5. Re1 a6 6. Bf1 Bg4 7. h3 Bxf3 8. Qxf3 Nd4 9. Qd1 e5 10. c3 Ne6 11. Na3 g6 12. Nc2 Bg7 13. d3 Ne7 14. Be3 O-O 15. Qd2 f5 16. Bh6 Bxh6 17. Qxh6 f4 18. d4 Kh8 19. Qh4 f3 20. g3 cxd4 21. cxd4 Rc8 22. Rac1 Nc6 23. Qxd8 Rfxd8 24. d5 Ncd4 25. dxe6 Nxc2 26. e7 Re8 27. Red1 Nd4 28. Rxc8 Rxc8 29. Kh2 Kg7 30. Rc1 Nc6 31. Bxa6 Rc7 32. e8=Q 1-0


[Site "https://www.chess.com"]

[Event "Titled Tuesday Blitz April 19 Early 2022"]
[White "Khamdamova, Afruza"]
[Black "Shyaamnikhil P"]
[WhiteFideId "14210444"]
[BlackFideId "5024218"]
[WhiteElo "1660"]
[BlackElo "2329"]
[Result "0-1"]
[Round "01"]
[TimeControl "180+1"]
[Date "2022.04.19"]
[WhiteClock "0:01:01"]
[BlackClock "0:01:02"]

1. e4 Nc6 2. Nf3 e5 3. Bb5 a6 4. Ba4 Nge7 5. c3 d5 6. Nxe5 dxe4 7. Nxc6 Nxc6 8. O-O Bf5 9. Re1 Be7 10. Bc2 Qd5 11. b3 O-O 12. Bb2 Bf6 13. c4 Qd6 14. Bxf6 Qxf6 15. Nc3 Nb4 16. Bxe4 Bxe4 17. Nxe4 Qd4 18. Re3 Nc2 19. Rc1 Nxe3 20. Qf3 Rae8 0-1


[Site "https://www.chess.com"]

[Event "Titled Tuesday Blitz April 19 Early 2022"]
[White "Kim, Sergey"]
[Black "Markelova, Lubov"]
[WhiteFideId "13700570"]
[BlackFideId "24131369"]
[WhiteElo "2575"]
[BlackElo "1857"]
[Result "1-0"]
[Round "01"]
[TimeControl "180+1"]
[Date "2022.04.19"]
[WhiteClock "0:00:19"]
[BlackClock "0:00:02"]

1. d4 Nf6 2. c4 e6 3. Nc3 Bb4 4. Qc2 O-O 5. a3 Bxc3+ 6. Qxc3 Ne4 7. Qc2 f5 8. Nf3 d6 9. g3 Nd7 10. Bg2 Qf6 11. O-O b6 12. b3 Bb7 13. Bb2 Rae8 14. Ne1 e5 15. d5 a5 16. Nd3 g5 17. b4 g4 18. f3 gxf3 19. exf3 Ng5 20. Rae1 Qg6 21. f4 Ne4 22. Nf2 Nxf2 23. Qxf2 e4 24. Qd4 Nf6 25. Kh1 Kf7 26. Bh3 Ng4 27. c5 h5 28. cxb6 Ba6 29. Rg1 Rc8 30. Rc1 cxb6 31. Qxb6 Bc4 32. Qb7+ Kg8 33. Bxg4 hxg4 34. Rg2 Qh5 35. Rd2 Qh3 36. Qa7 Ra8 37. Qg7# 1-0


[Site "https://www.chess.com"]

[Event "Titled Tuesday Blitz April 19 Early 2022"]
[White "Kornyukov, Alexey"]
[Black "Lehtosaari, Mauri"]
[WhiteFideId "4150457"]
[BlackFideId "501999"]
[WhiteElo "2303"]
[BlackElo "2552"]
[Result "1-0"]
[Round "01"]
[TimeControl "180+1"]
[Date "2022.04.19"]
[WhiteClock "0:00:09"]
[BlackClock "0:00:01"]

1. d4 d5 2. c4 c6 3. Nf3 Nf6 4. e3 Bg4 5. Qb3 Qb6 6. c5 Qc7 7. Ne5 Bf5 8. Nc3 Nbd7 9. f4 Ne4 10. Be2 Ndf6 11. g4 Nxc3 12. Qxc3 Ne4 13. Qb3 Bc8 14. Bf3 f6 15. Bxe4 fxe5 16. Bf3 e4 17. Be2 g6 18. Bd2 Bg7 19. O-O O-O 20. Be1 b6 21. Rc1 b5 22. a4 bxa4 23. Qxa4 Rb8 24. b4 h6 25. Ra1 Ra8 26. Bg3 Qb7 27. Ba6 Qxa6 28. Qxa6 Bxa6 29. Rxa6 Rfb8 30. Be1 Rc8 31. Bd2 Bf6 32. Rfa1 Rc7 33. R1a5 Kf7 34. b5 cxb5 35. Rxb5 g5 36. f5 Ke8 37. Ba5 Rcc8 38. Rb7 Rcb8 39. Rxb8+ Rxb8 40. Rxa7 Rb1+ 41. Kf2 Rc1 42. Rc7 Rc2+ 43. Kg1 Kf7 44. c6 Rc1+ 45. Kg2 Rc2+ 46. Kg3 Rc1 47. Rc8 e6 48. c7 exf5 49. gxf5 1-0


[Site "https://www.chess.com"]